 Dungeon Crawl Stone Soup version 0.26-a0-660-gc07710193c (webtiles) character file.

Game seed: 9052662742653597093

2059 marklar909 the Vandal (level 9, -3/52 HPs)
             Began as a Kobold Arcane Marksman on Oct 5, 2020.
             Was a Believer of Fedhas.
             Slain by a wight
             ... wielding a cursed +5 halberd
              (8 damage)
             ... on level 8 of the Dungeon.
             The game lasted 00:16:07 (10900 turns).

marklar909 the Vandal (Kobold Arcane Marksman)     Turns: 10900, Time: 00:16:09

Health: -3/52      AC:  5    Str: 10    XL:     9   Next: 49%
Magic:  11/11      EV: 18    Int: 14    God:    Fedhas [**....]
Gold:   270        SH:  0    Dex: 16    Spells: 6/10 levels left

rFire    . . .     SeeInvis .   a - +3 dagger (venom)
rCold    . . .     Faith    .   (shield restricted)
rNeg     . . .     Spirit   .   i - +0 robe
rPois    .         Reflect  .   q - +1 helmet
rElec    .         Harm     .   (no cloak)
rCorr    .         Rampage  .   (no gloves)
MR       .....                  B - +0 pair of boots
Stlth    ++++......             (no amulet)
HPRegen  0.17/turn              (no ring)
MPRegen  0.12/turn              (no ring)

@: no status effects
A: small, nightstalker 3
a: Wall of Briars, Renounce Religion


You were on level 8 of the Dungeon.
You worshipped Fedhas.
Fedhas was pleased with you.
You visited 1 branch of the dungeon, and saw 8 of its levels.

You collected 270 gold pieces.

Inventory:

Hand Weapons
 a - a +3 dagger of venom (weapon)
 b - a +0 hunting sling
Missiles
 c - 9 boomerangs (quivered)
 d - 2 throwing nets
 m - 23 sling bullets
 o - 69 bolts
 r - 17 poisoned darts
 x - 5 datura-tipped darts
Armour
 i - a +0 robe (worn)
 q - a +1 helmet (worn)
 B - a +0 pair of boots (worn)
Jewellery
 E - an uncursed amulet of the acrobat {unknown}
Wands
 l - a wand of flame (17)
 v - a wand of random effects (13)
 z - a wand of paralysis (3)
 D - a wand of acid (12)
 G - a wand of iceblast (10)
Scrolls
 f - a scroll of identify
 y - a scroll of enchant weapon
 A - a scroll of remove curse
 C - a scroll of teleportation {unknown}
 H - a scroll of enchant armour
Potions
 e - 3 potions of brilliance
 g - a potion of mutation {unknown}
 h - 5 potions of magic
 j - 2 potions of flight {unknown}
 k - 3 potions of stabbing
 p - a potion of lignification {unknown}
 s - a potion of invisibility {unknown}
 t - a potion of curing {unknown}
 u - a potion of might {unknown}
 w - a potion of degeneration {unknown}
 F - a potion of heal wounds {unknown}


   Skills:
 + Level 4.0 Fighting
 + Level 3.8 Short Blades
 + Level 6.1(6.9) Slings
 + Level 5.4(7.0) Throwing
 + Level 5.3 Dodging
 + Level 5.4 Stealth
 + Level 0.5 Unarmed Combat
 + Level 1.2 Spellcasting
 * Level 4.0 Hexes
 * Level 1.8 Translocations
 + Level 3.1 Invocations
 + Level 0.8 Evocations


You had 6 spell levels left.
You knew the following spells:

 Your Spells              Type           Power        Failure   Level
a - Corona                Hex            ##.....      4%          1
b - Portal Projectile     Hex/Tloc       #.....       24%         3

Your spell library contained the following spells:

 Spells                   Type           Power        Failure   Level
 Slow                     Hex            ##......     8%          2
 Beastly Appendage        Tmut           #.....       26%         1
 Inner Flame              Hex/Fire       #.......     34%         3
 Wereblood                Tmut           #.......     36%         2
 Cause Fear               Hex            ##........   45%         4
 Spider Form              Tmut/Pois      #.........   61%         3
 Leda's Liquefaction      Hex/Erth       #.........   75%         4
 Ice Form                 Ice/Tmut       #.......     95%         4
 Blade Hands              Tmut           #.........   100%        5


Dungeon Overview and Level Annotations

Branches:
Dungeon (8/15)             Temple (0/1) D:7
   Lair: D:8-11

Altars:
Ashenzari
Fedhas
Makhleb
Nemelex Xobeh
Qazlal
Wu Jian
Zin
The Shining One

Shops:
D:4 (   D:5 [[

Annotations:
D:3 3 runed translucent doors, tacoguy's ghost, amateur DECj


Innate Abilities, Weirdness & Mutations

You are small and have problems with some larger weapons.
You are completely attuned to the shadows.


Message History

The centaur zombie is lightly damaged.
The centaur zombie misses you.
You hit the centaur zombie.
The centaur zombie is lightly damaged.
The centaur zombie completely misses you.
The orc closely misses you.
Unknown command.
As you read the scroll labeled INUACU REIS, it crumbles to dust.
It is a scroll of enchant armour.
Your +0 helmet glows green for a moment.
The wight closely misses you. The centaur zombie closely misses you.
The orc barely misses you.
Okay, then.
As you read the scroll labeled APIMUUCHU LIUN, it crumbles to dust.
The creatures around you are filled with an inner flame!
It was a scroll of immolation.
The centaur zombie hits you.
* * * LOW HITPOINT WARNING * * *
The wight hits you from afar with a cursed +5 halberd!
You die...
Fedhas appreciates your contribution to the ecosystem.

#.#
#.#
#.#
#.#
#.#
#.#
#z#
#o#
#@#
#Z#
#.#
#.#
#.###
#.#.##
#.<..#
###.##
#.#


You could see a wight (inner flame), an orc (inner flame) and a centaur zombie
(inner flame).

Vanquished Creatures
  Maggie (D:6)
  A hornet (D:6)
  Menkaure (D:7)
  A black bear (D:8)
  An orc warrior (D:8)
  An ice beast (D:4)
  2 ogres
  A centaur (D:7)
  3 bullfrogs
  4 scorpions
  3 hounds
  A jelly (D:7)
  An orc priest (D:5)
  A bullfrog skeleton (D:8)
  An orc wizard (D:6)
  3 iguanas
  4 worker ants
  3 adders
  A shadow imp (D:7)
  A white imp (D:7)
  An ufetubus (D:7)
  An adder zombie (D:3)
  2 worms
  2 dart slugs
  4 leopard geckos
  16 orcs
  A ball python (D:1)
  A giant cockroach (D:4)
  5 goblins
  9 hobgoblins
  4 jackals (D:1)
  6 kobolds
  2 quokkas
  9 bats
  3 frilled lizards
  2 jackal skeletons
  A leopard gecko skeleton (D:4)
  A quokka skeleton (D:6)
  A quokka zombie (D:6)
  7 rats
113 creatures vanquished.

Vanquished Creatures (others)
  3 plants (D:4)
3 creatures vanquished.

Grand Total: 116 creatures vanquished

Notes
Turn   | Place    | Note
-------+----------+-------------------------------------------
     0 | D:1      | marklar909 the Kobold Arcane Marksman began the quest for
                  | the Orb.
     0 | D:1      | Reached XP level 1. HP: 12/12 MP: 2/2
   304 | D:1      | Reached XP level 2. HP: 16/16 MP: 3/3
   723 | D:1      | Reached XP level 3. HP: 14/20 MP: 2/4
  2619 | D:3      | Reached XP level 4. HP: 24/25 MP: 5/5
  3190 | D:3      | Found a blossoming altar of Fedhas.
  3202 | D:3      | Became a worshipper of Fedhas Madash
  3408 | D:3      | Found a runed translucent gate.
  3409 | D:3      | Found a runed translucent gate.
  3410 | D:3      | Found a runed translucent gate.
  3413 | D:3      | Identified the cursed +2 dagger of Xohykhly {venom, rElec
                  | rF+ rC-}
  3419 | D:3      | Noticed tacoguy's ghost (amateur DECj)
  3755 | D:4      | Reached skill level 1 in Stealth
  3884 | D:4      | Reached skill level 1 in Short Blades
  3884 | D:4      | Reached skill level 1 in Slings
  3884 | D:4      | Reached XP level 5. HP: 14/29 MP: 6/6
  4098 | D:4      | Noticed an ice beast
  4122 | D:4      | Killed an ice beast
  4122 | D:4      | Reached skill level 2 in Slings
  4122 | D:4      | Reached XP level 6. HP: 25/35 MP: 7/7
  4127 | D:4      | Learned a level 3 spell: Portal Projectile
  4699 | D:4      | Noticed an ogre
  4803 | D:4      | Found Kiudd's Weapon Shop.
  4819 | D:4      | Killed an ogre
  4819 | D:4      | Reached skill level 3 in Slings
  4819 | D:4      | Reached XP level 7. HP: 40/40 MP: 8/8
  5602 | D:5      | Entered Level 5 of the Dungeon
  5633 | D:5      | Reached * piety under Fedhas
  5633 | D:5      | Reached skill level 4 in Slings
  5966 | D:5      | Found a sparkling altar of Nemelex Xobeh.
  6018 | D:5      | Found Dublem's Armour Boutique.
  6114 | D:5      | Found Sadiblae's Antique Armour Shop.
  6273 | D:5      | Found an ornate altar of the Wu Jian Council.
  6273 | D:5      | Found a stormy altar of Qazlal.
  6273 | D:5      | Found a burning altar of Makhleb.
  7278 | D:6      | Found a broken altar of Ashenzari.
  7494 | D:6      | Reached XP level 8. HP: 44/46 MP: 9/9
  7544 | D:6      | Noticed Maggie
  7554 | D:6      | Killed Maggie
  7554 | D:6      | Reached skill level 5 in Slings
  7554 | D:6      | Reached skill level 1 in Invocations
  8267 | D:6      | Found a glowing silver altar of Zin.
  8307 | D:6      | Noticed a hornet
  8323 | D:6      | Killed a hornet
  8508 | D:6      | Reached skill level 5 in Dodging
  8508 | D:6      | Reached XP level 9. HP: 38/52 MP: 11/11
  8730 | D:7      | Noticed Menkaure
  8731 | D:7      | Reached skill level 5 in Stealth
  9140 | D:7      | Killed Menkaure
  9140 | D:7      | Reached skill level 6 in Slings
  9357 | D:7      | Found a staircase to the Ecumenical Temple.
  9460 | D:7      | Found a glowing golden altar of the Shining One.
 10262 | D:8      | Reached ** piety under Fedhas
 10262 | D:8      | Reached skill level 5 in Throwing
 10494 | D:8      | Reached skill level 1 in Translocations
 10815 | D:8      | HP: 1/52 [orc warrior/+0 battleaxe (23)]
 10900 | D:8      | Slain by a wight

Illustrated notes

Levels and vault maps discovered:
D:1:      minmay_arrival_shoal_huts, layout_basic, minmay_misc_feat_more_columns
D:2:      layout_basic
D:3:      layout_rooms, biasface_ghost_orc_armoury, fedhas_altar_fruit_tree
D:4:      minmay_chambers_of_threes, layout_loops_ring, serial_shops, shop,
          serial_bayou_pond_d
D:5:      layout_layer_cave, gammafunk_temple_overflow_forgotten, serial_shops,
          kennysheep_mini, shop_statue, nemelex_xobeh_ov_fountains_minmay
D:6:      layout_basic, overflow_temple_1_default, zin_academy, uniq_maggie
D:7:      layout_loops_ring, nicolae_overflow_hidden_temple,
          minmay_temple_entry_drinking_statues, uniq_menkaure
D:8:      layout_loops_ring, serial_aquarium, aquarium_bridge_long_separate
          [aquarium_subvault_wall, aquarium_subvault_window,
          aquarium_subvault_bridge, aquarium_subvault_bridge,
          aquarium_subvault_balcony, aquarium_subvault_wall], aquarium_window_3,
          aquarium_window_fake, aquarium_view_2d, aquarium_view_2g,
          aquarium_balcony_5b

Skill      XL: |  1  2  3  4  5  6  7  8  9 |
---------------+----------------------------+-----
Throwing       | 3 4 5 |  5.4
Dodging        | 3 4 5 |  5.3
Stealth        | 1 2 3 4 5 |  5.4
Short Blades   | 1 2 3 |  3.8
Slings         | 1 2 3 4 5 6 |  6.1
Fighting       | 2 3 4 |  4.0
Invocations    | 3 |  3.1
Translocations | 1 |  1.8
Hexes          | 4 |  4.0
Unarmed Combat | |  0.5
Spellcasting   | |  1.2
Evocations     | |  0.8

Action                   |  1- 3 |  4- 6 |  7- 9 || total
-------------------------+-------+-------+-------++-------
Melee: Unarmed           |     5 |       |       ||     5
       Dagger            |    35 |    50 |   111 ||   196
 Fire: Hunting sling     |       |    50 |    59 ||   109
Throw: Boomerang         |   128 |     9 |    96 ||   233
 Cast: Corona            |     9 |       |       ||     9
Evoke: Wand              |       |       |     5 ||     5
  Use: Scroll            |     1 |       |     6 ||     7
 Stab: Sleeping          |       |     2 |       ||     2
       Paralysed         |       |       |     5 ||     5
Armor: Robe              |    11 |     9 |    11 ||    31
Dodge: Dodged            |    83 |    60 |   135 ||   278

Table legend: (Time is in decaauts)
 A = Elapsed time spent in this place.
 B = Non-inter-level travel time spent in this place.
 C = Inter-level travel time spent in this place.
 D = Time resting spent in this place.
 E = Time spent auto-exploring this place.
 F = Levels seen in this place.
 G = Mean time per level.
                   A        B        C        D        E       F      G
               +--------+--------+--------+--------+--------+-----+--------+
         Total |  10895 |  10367 |    528 |   1890 |   7342 |   8 | 1361.9 |
       Dungeon |  10895 |  10367 |    528 |   1890 |   7342 |   8 | 1361.9 |
               +--------+--------+--------+--------+--------+-----+--------+

Top non-repeatable levels by time:
     D:4: 1917 daAuts
     D:6: 1821 daAuts
     D:1: 1544 daAuts
     D:5: 1520 daAuts
     D:2: 1356 daAuts
     D:7: 1314 daAuts
     D:3: 809 daAuts
     D:8: 612 daAuts
